 Dungeon Crawl Stone Soup version 0.31-a0-354-g827e0957a7 (webtiles) character file.

Game seed: 15140180511129159344

65 Shard1697 the Ruffian (level 3, -7/28 HPs)
             Began as a Draconian Shapeshifter on July 23, 2023.
             Splashed by a jelly's acid (9 damage)
             ... on level 2 of the Dungeon.
             The game lasted 00:01:25 (1022 turns).

Shard1697 the Ruffian (Draconian Shapeshifter)      Turns: 1022, Time: 00:01:26

Health: -7/28      AC: -7    Str: 17    XL:     3   Next: 92%
Magic:  3/3        EV: 12    Int:  8    God:
Gold:   99         SH:  0    Dex: 13    Spells: 2/2 levels left

rFire   . .          .
                       - Unarmed
rCold   . . .        (no shield)
rNeg    . . .        (body armour unavailable)
rPois   .            (helmet currently unavailable)
rElec   .            (cloak currently unavailable)
rCorr   .            (gloves currently unavailable)
SInv    .            (boots currently unavailable)
Will    .....        (no amulet)
Stlth   +            (no ring)
HPRegen 0.24/turn    (no ring)
MPRegen 0.08/turn

%: no passive effects
@: beast-form, corroded
A: beast (slay +2), AC +5, unfitting armour, cold-blooded
a: Begin Untransformation


You were on level 2 of the Dungeon.
You were a hulking beast.
You visited 1 branch of the dungeon, and saw 2 of its levels.

You collected 121 gold pieces.
You spent 22 gold pieces at shops.

Inventory:

Talismans
 b - a beast talisman
Scrolls
 c - a scroll of vulnerability {unknown}
 d - 2 scrolls of identify
 f - a scroll of brand weapon {unknown}
 g - a scroll of teleportation {unknown}
Potions
 a - a potion of lignification
 h - a potion of mutation
 i - a potion of invisibility {unknown}


   Skills:
 - Level 1.1 Fighting
 - Level 1.7 Dodging
 + Level 4.9 Unarmed Combat
 - Level 3.0 Shapeshifting


You had 2 spell levels left.
You didn't know any spells.
Your spell library was empty.

Dungeon Overview and Level Annotations

Branches:
Dungeon (2/15)

Altars:

Shops:
D:1 *


Innate Abilities, Weirdness & Mutations

You are a hulking beast.
Your limbs bulge with bestial killing power. (Slay +2)
Your plain brown scales are hard. (AC +5)
You cannot fit into any form of body armour.
You are cold-blooded and may be slowed by cold attacks.


Message History

You hear a distant slurping noise.
The door mysteriously vanishes.
A jelly comes into view.
The kobold closely misses you.
You closely miss the kobold.
The jelly quivers.
Your tail-slap misses the kobold.
The kobold hits you with a +0 short sword.
An endoplasm comes into view.
You barely miss the kobold. The kobold hits you but does no damage.
The endoplasm quivers.
You punch the kobold!
You kill the kobold!
You punch the jelly! The acid corrodes you!
Your hands burn!
The jelly is moderately wounded.
The jelly barely misses you.
You hit the jelly.
Your hands burn!
The jelly is moderately wounded.
The jelly barely misses you.
You barely miss the jelly.
The jelly is moderately wounded.
The jelly hits you.
You are splashed with acid!
* * * LOW HITPOINT WARNING * * *
You are too injured to fight recklessly!
You are too injured to fight recklessly!
You are too injured to fight recklessly!
You are too injured to fight recklessly!
There are monsters nearby!
You feel much better. The jelly misses you.
You completely miss the jelly.
The jelly is moderately wounded.
The jelly hits you. The acid corrodes you!
You are splashed with acid!
You hit the jelly.
Your hands burn!
The jelly is severely wounded.
The jelly hits you.
You are splashed with acid!
* * * LOW HITPOINT WARNING * * *
The jelly attacks as you move away! The jelly hits you.
* * * LOW HITPOINT WARNING * * *
The acid corrodes you!
You are splashed with acid!
You die...

#.###.....##
#.......#
#.......#
#.......#
#.......#
#....####
#....'..##
########.#
#..JJh.##
#.#######


You could see a jelly and an endoplasm.

Vanquished Creatures
  2 gnolls (D:1)
  A dart slug (D:1)
  4 endoplasms (D:1)
  2 giant cockroaches (D:2)
  A goblin (D:1)
  2 hobgoblins (D:1)
  4 quokkas (D:1)
  3 ball pythons (D:1)
  3 bats (D:1)
  3 frilled lizards (D:1)
  14 kobolds
  6 rats (D:1)
45 creatures vanquished.

Notes
Turn   | Place    | Note
-------+----------+-------------------------------------------
     0 | D:1      | Shard1697 the Draconian Shapeshifter began the quest for
                  | the Orb.
     0 | D:1      | Reached XP level 1. HP: 16/16 MP: 1/1
    23 | D:1      | Reached XP level 2. HP: 23/23 MP: 2/2
   211 | D:1      | Reached skill level 4 in Unarmed Combat
   296 | D:1      | Reached XP level 3. HP: 28/28 MP: 3/3
   663 | D:1      | Found Wedust's General Store.
   671 | D:1      | Bought a scroll of identify for 22 gold pieces
  1022 | D:2      | Splashed by a jelly's acid

Illustrated notes

Levels and vault maps discovered:
D:1:      psy_arrival_radial01, layout_basic, serial_shops, shop
D:2:      cheibrodos_fertilizer, layout_basic, chequers_serial_rivers_small_3

Skill      XL: |  1  2 |
---------------+-------+-----
Unarmed Combat | 4 |  4.9
Fighting       | |  1.1
Dodging        | |  1.7
Shapeshifting  | |  3.0

Action                     || total
---------------------------++-------
  Melee: Unarmed           ||    94
         Tailslap          ||    15
    Use: Scroll            ||     2
         Potion            ||     1
   Stab: Sleeping          ||     1
 Armour: Skin              ||    27
  Dodge: Dodged            ||    44

Table legend: (Time is in decaauts)
 A = Elapsed time spent in this place.
 B = Non-inter-level travel time spent in this place.
 C = Inter-level travel time spent in this place.
 D = Time resting spent in this place.
 E = Time spent auto-exploring this place.
 F = Levels seen in this place.
 G = Mean time per level.
                   A        B        C        D        E       F      G
               +--------+--------+--------+--------+--------+-----+--------+
         Total |   1014 |    986 |     28 |     47 |    688 |   2 |  507.0 |
       Dungeon |   1014 |    986 |     28 |     47 |    688 |   2 |  507.0 |
               +--------+--------+--------+--------+--------+-----+--------+

Top non-repeatable levels by time:
     D:1: 748 daAuts
     D:2: 265 daAuts
